 Dungeon Crawl Stone Soup version 0.32-a0-928-g1cae6b7ea0 (console) character file.

Game seed: 708650333415972200

12362 jejorda2 the Spear-Bearer (level 11, -8/135 HPs)
             Began as a Gnoll Berserker on Apr 12, 2024.
             Was an Elder of Trog.
             Mangled by a cyan ugly thing (13 damage)
             ... on level 10 of the Dungeon.
             The game lasted 00:24:41 (9826 turns).

jejorda2 the Spear-Bearer (Gnoll Berserker)         Turns: 9826, Time: 00:24:42

Health: -8/135     AC: 20    Str: 20    XL:     11   Next: 92%
Magic:  21/21      EV:  7    Int:  6    God:    Trog [****..]
Gold:   226        SH:  0    Dex: 10    Spells: 24/24 levels left

rFire   . . .        a - +1 trident (heavy)
rCold   + . .        (no shield)
rNeg    . . .        J - +1 plate armour of Soamiuq {rC+ Will+ Dex-3}
rPois   .            l - +0 helmet
rElec   .            q - +0 cloak
rCorr   .            d - +2 pair of gloves
SInv    .            (no boots)
Will    +....        (no amulet)
Stlth   x              - ring of flight
HPRegen 0.42/turn    D - +4 ring of slaying
MPRegen 0.17/turn

%: no passive effects
@: berserking, flying, very quick
A: fangs 1, strong nose, distributed training
a: Renounce Religion, Berserk, Trog's Hand, Brothers in Arms


You were on level 10 of the Dungeon.
You worshipped Trog.
Trog was greatly pleased with you.
You visited 1 branch of the dungeon, and saw 10 of its levels.
You also visited: Ossuary.

You collected 758 gold pieces.
You spent 532 gold pieces at shops.

Inventory:

Hand Weapons
 a - a +1 heavy trident (weapon)
 b - the +7 dagger of Theory {freeze, rPois rF++}
   (You found it on level 9 of the Dungeon)

   rF++:      It greatly protects you from fire.
   rPois:     It protects you from poison.
 r - a +3 trident of draining
Missiles
 n - 2 throwing nets
 z - 4 boomerangs
 A - 3 javelins
 F - 23 poisoned darts (quivered)
Armour
 d - a +2 pair of gloves (worn)
 l - a +0 helmet (worn)
 q - a +0 cloak (worn)
 J - the +1 plate armour of Soamiuq (worn) {rC+ Will+ Dex-3}
   (You bought it in a shop on level 3 of the Dungeon)

   Dex-3:     It affects your dexterity (-3).
   rC+:       It protects you from cold.
   Will+:     It increases your willpower.
Jewellery
 u - a ring of fire
 x - a ring of flight (left hand)
 D - a +4 ring of slaying (right hand)
Wands
 p - a wand of warping (16)
 s - a wand of charming (4)
 H - a wand of flame (3)
 I - a wand of mindburst (6)
Scrolls
 c - 5 scrolls of teleportation
 i - 3 scrolls of fog
 j - 2 scrolls of fear {unknown}
 o - a scroll of immolation {unknown}
 t - a scroll of poison
 y - a scroll of revelation
 C - a scroll of blinking
Potions
 e - 3 potions of haste
 f - a potion of lignification
 g - 3 potions of mutation
 h - 2 potions of resistance
 k - a potion of ambrosia
 m - 7 potions of curing
 w - 2 potions of heal wounds
 B - 2 potions of cancellation
 G - a potion of might
Miscellaneous
 E - a box of beasts


   Skills:
 + Level 9.7 Fighting
 + Level 7.0 Short Blades
 + Level 7.0 Long Blades
 + Level 7.0 Axes
 + Level 7.0 Maces & Flails
 + Level 9.7 Polearms
 + Level 7.0 Staves
 + Level 7.0 Ranged Weapons
 + Level 7.0 Throwing
 + Level 8.4 Armour
 + Level 8.4 Dodging
 + Level 7.0 Stealth
 + Level 7.0 Shields
 + Level 7.0 Unarmed Combat
 + Level 7.0 Spellcasting
 + Level 5.8 Conjurations
 + Level 5.8 Hexes
 + Level 5.8 Summonings
 + Level 5.8 Necromancy
 + Level 5.8 Translocations
 + Level 5.8 Fire Magic
 + Level 5.8 Ice Magic
 + Level 5.8 Air Magic
 + Level 5.8 Earth Magic
 + Level 5.8 Alchemy
 + Level 7.7 Invocations
 + Level 7.0 Evocations
 + Level 6.3 Shapeshifting


You had 24 spell levels left.
You didn't know any spells.
Your spell library was empty.

Dungeon Overview and Level Annotations

Branches:
Dungeon (10/15)            Temple (0/1) D:5         Ossuary (visited)
   Lair: D:8-11         Orc: D:9-12

Altars:
Dithmenos
Hepliaklqana
Kikubaaqudgha
Okawaru
Uskayaw
Vehumet
Wu Jian
Xom
Beogh

Shops:
D:3 [   D:8 [


Innate Abilities, Weirdness & Mutations

You have very sharp teeth.
Your uncanny sense of smell can sniff out nearby items.
Your experience applies equally to all skills.


Message History

You start waiting.
A centaur is nearby!
The centaur hits you but does no damage.
The centaur barely misses you.
You puncture the centaur! You bite the centaur, but do no damage.
The centaur is severely wounded.
The centaur hits you but does no damage.
The centaur kicks you but does no damage.
The centaur hits you but does no damage.
The centaur barely misses you.
You impale the centaur!!
You kill the centaur!
Trog accepts your kill.
You impale the cyan ugly thing!! Your bite misses the cyan ugly thing.
The cyan ugly thing is moderately wounded.
The cyan ugly thing barely misses you. The cyan ugly thing engulfs you.
The cyan ugly thing shocks you!
You hit the cyan ugly thing.
The cyan ugly thing is heavily wounded.
The cyan ugly thing engulfs you! The cyan ugly thing shocks you!
You impale the cyan ugly thing!! Your bite misses the cyan ugly thing.
The cyan ugly thing is severely wounded.
The cyan ugly thing engulfs you but does no damage.
You puncture the cyan ugly thing!
The cyan ugly thing is severely wounded.
The cyan ugly thing engulfs you! The cyan ugly thing shocks you!
* * * LOW HITPOINT WARNING * * *
You are too injured to fight recklessly!
A red film seems to cover your vision as you go berserk!
You feel yourself moving faster!
You feel mighty! The cyan ugly thing engulfs you!
* * * LOW HITPOINT WARNING * * *
The cyan ugly thing shocks you!
* * * LOW HITPOINT WARNING * * *
You barely miss the cyan ugly thing.
The cyan ugly thing is severely wounded.
The cyan ugly thing engulfs you!
* * * LOW HITPOINT WARNING * * *
The cyan ugly thing shocks you!
You die...

#..............# #.....
#..............# #.....
...............##### #.....
#####..............# #.....
....#..............# #.....
....#..............#########.....
....'............................
....#.........#######............
....#..>.....##.@u.(##...........
#####........#..###..#...........
.............#)ß#∆#ß.#...[.......
............##'##)##'##..........
............')..#!# .ß#..........
##..........#ß..#$+ u.#..........
.#..........##+##(# ##..########
.#...........# #/# #...#
.#...........# ##. #...+


You could see a cyan ugly thing.

Vanquished Creatures
  A centaur warrior (D:9)
  A boulder beetle (D:9)
  2 two-headed ogres
  A deep elf pyromancer (D:9)
  2 cyclopes
  A meliai (D:10)
  Maggie (D:9)
  Jeremiah (D:6)
  The ghost of EvilEddieB the Grave Robber, a novice DsNe of Hepliaklqana (D:5)
  2 trolls
  A slime creature (D:9)
  Sigmund (D:5)
  13 yaks
  2 steam dragons (D:6)
  The ghost of EvilEddieB the Grave Robber, an amateur DsNe (D:3)
  An acid dragon (D:9)
  A water moccasin (D:7)
  4 orc warriors
  5 ice beasts
  A sky beast (D:7)
  A laughing skull (D:9)
  An ogre (D:5)
  4 centaurs
  3 kobold brigands
  2 bullfrogs
  An elf zombie (Ossuary)
  A gnoll sergeant (D:9)
  5 scorpions
  A wyvern zombie (D:5)
  3 wights (D:8)
  7 killer bees (D:9)
  2 howler monkeys (D:9)
  A bombardier beetle (D:5)
  A bullfrog zombie (D:5)
  3 human zombies (Ossuary)
  A jelly (D:8)
  4 orc priests
  Crazy Yiuf (D:2)
  5 hounds
  A gnoll bouda (D:6)
  2 iguanas (D:5)
  A sleepcap (D:6)
  Natasha (thrice) (D:3)
  7 orc wizards
  A hound zombie (Ossuary)
  5 mummies
  Robin (D:2)
  7 gnolls
  A howler monkey skeleton (D:5)
  4 adders
  An adder zombie (Ossuary)
  A dart slug (D:2)
  21 orcs
  10 endoplasms
  11 goblins
  12 hobgoblins
  6 jackals (D:1)
  3 quokkas
  11 ball pythons
  7 bats
  2 frilled lizards
  2 goblin zombies (Ossuary)
  A hobgoblin zombie (Ossuary)
  15 kobolds
  A kobold zombie (Ossuary)
  6 rats
  2 rat zombies (Ossuary)
235 creatures vanquished.

Vanquished Creatures (collateral kills)
  A death knight (D:9)
1 creature vanquished.

Grand Total: 236 creatures vanquished

Notes
Turn   | Place    | Note
-------+----------+-------------------------------------------
     0 | D:1      | jejorda2 the Gnoll Berserker began the quest for the Orb.
     0 | D:1      | Reached XP level 1. HP: 23/23 MP: 1/1
   175 | D:1      | Reached XP level 2. HP: 29/29 MP: 2/2
   279 | D:1      | Reached XP level 3. HP: 35/35 MP: 3/3
   335 | D:1      | Reached ** piety under Trog
   423 | D:1      | Reached skill level 1 in Invocations
   663 | D:2      | Reached skill level 1 in Short Blades
   663 | D:2      | Reached skill level 1 in Long Blades
   663 | D:2      | Reached skill level 1 in Axes
   663 | D:2      | Reached skill level 1 in Maces & Flails
   663 | D:2      | Reached skill level 1 in Staves
   663 | D:2      | Reached skill level 1 in Ranged Weapons
   663 | D:2      | Reached skill level 1 in Throwing
   663 | D:2      | Reached skill level 1 in Stealth
   663 | D:2      | Reached skill level 1 in Shields
   663 | D:2      | Reached skill level 1 in Unarmed Combat
   663 | D:2      | Reached skill level 1 in Spellcasting
   663 | D:2      | Reached skill level 1 in Evocations
   826 | D:2      | Noticed Robin
   839 | D:2      | Reached skill level 1 in Shapeshifting
   839 | D:2      | Reached XP level 4. HP: 34/41 MP: 5/5
   857 | D:2      | Killed Robin
   905 | D:2      | Reached skill level 1 in Conjurations
   905 | D:2      | Reached skill level 1 in Hexes
   905 | D:2      | Reached skill level 1 in Summonings
   905 | D:2      | Reached skill level 1 in Necromancy
   905 | D:2      | Reached skill level 1 in Translocations
   905 | D:2      | Reached skill level 1 in Fire Magic
   905 | D:2      | Reached skill level 1 in Ice Magic
   905 | D:2      | Reached skill level 1 in Air Magic
   905 | D:2      | Reached skill level 1 in Earth Magic
   905 | D:2      | Reached skill level 1 in Alchemy
  1241 | D:2      | Found a runed translucent door.
  1242 | D:2      | Noticed Crazy Yiuf
  1253 | D:2      | Killed Crazy Yiuf
  1297 | D:2      | Found a faded altar of an unknown god.
  1351 | D:2      | Reached XP level 5. HP: 47/47 MP: 7/7
  1459 | D:3      | Reached *** piety under Trog
  1465 | D:3      | Found Luyvuut's Antique Armour Shoppe.
  1496 | D:3      | Found a radiant altar of Vehumet.
  1499 | D:3      | Found a shadowy altar of Dithmenos.
  1611 | D:3      | Noticed Natasha
  1620 | D:3      | Found a runed translucent gate.
  1620 | D:3      | Found a runed translucent gate.
  1632 | D:3      | Killed Natasha
  1633 | D:3      | Identified the +5 spear "Cyomuroh" {heavy, rC+ Will- Str+4}
  1633 | D:3      | Identified the +1 leather armour of Spaghetti {Rampage rN+}
  1636 | D:3      | Found a runed translucent gate.
  1638 | D:3      | Noticed EvilEddieB's ghost (amateur DsNe)
  1972 | D:3      | Noticed Natasha
  1989 | D:3      | Killed Natasha
  2007 | D:3      | Noticed Natasha
  2014 | D:3      | Killed Natasha
  2316 | D:3      | Found a roughly hewn altar of Beogh.
  2364 | D:3      | Reached XP level 6. HP: 53/53 MP: 8/8
  2374 | D:3      | Reached skill level 5 in Armour
  2374 | D:3      | Reached skill level 5 in Dodging
  2378 | D:3      | Killed EvilEddieB's ghost
  2502 | D:4      | Noticed an ice beast
  2509 | D:4      | Killed an ice beast
  2510 | D:4      | Reached XP level 7. HP: 60/60 MP: 10/10
  2962 | D:5      | Entered Level 5 of the Dungeon
  2981 | D:5      | Found a hide-covered altar of Uskayaw.
  2982 | D:5      | Noticed a +3 dagger
  2982 | D:5      | Noticed a +0 hand axe
  3070 | D:5      | Found a sand-covered staircase.
  3078 | Ossuary  | Entered an ossuary
  3134 | Ossuary  | Reached **** piety under Trog
  3144 | Ossuary  | Reached XP level 8. HP: 64/67 MP: 12/12
  3596 | D:5      | Found a transporter.
  3598 | D:5      | Noticed EvilEddieB's ghost (novice DsNe)
  3602 | D:5      | Found a transporter.
  3756 | D:5      | Noticed Sigmund
  3777 | D:5      | Killed Sigmund
  4141 | D:5      | Found a staircase to the Ecumenical Temple.
  4455 | D:5      | Killed EvilEddieB's ghost
  4456 | D:5      | Reached XP level 9. HP: 72/74 MP: 13/15
  4809 | D:6      | Identified the +1 spear of Ananuuj {antimagic, Dex+2}
  4963 | D:6      | Noticed Jeremiah
  4972 | D:6      | Killed Jeremiah
  4973 | D:6      | Reached skill level 5 in Invocations
  5449 | D:7      | Reached skill level 5 in Short Blades
  5449 | D:7      | Reached skill level 5 in Long Blades
  5449 | D:7      | Reached skill level 5 in Axes
  5449 | D:7      | Reached skill level 5 in Maces & Flails
  5449 | D:7      | Reached skill level 5 in Staves
  5449 | D:7      | Reached skill level 5 in Ranged Weapons
  5449 | D:7      | Reached skill level 5 in Throwing
  5449 | D:7      | Reached skill level 5 in Stealth
  5449 | D:7      | Reached skill level 5 in Shields
  5449 | D:7      | Reached skill level 5 in Unarmed Combat
  5449 | D:7      | Reached skill level 5 in Spellcasting
  5449 | D:7      | Reached skill level 5 in Evocations
  5449 | D:7      | Reached XP level 10. HP: 65/81 MP: 17/17
  5585 | D:7      | Identified the +3 ring mail "Xiytovat" {rC++}
  5723 | D:7      | Found a hazy altar of Hepliaklqana.
  6279 | D:8      | Found Teohotwy's Antique Armour Emporium.
  7140 | D:9      | Noticed a death knight
  7140 | D:9      | Noticed a deep elf pyromancer
  7140 | D:9      | Noticed a cyclops
  7156 | D:9      | Killed a deep elf pyromancer
  7157 | D:9      | Reached skill level 5 in Shapeshifting
  7163 | D:9      | Killed a cyclops
  7168 | D:9      | Noticed a two-headed ogre
  7175 | D:9      | Killed a death knight
  7178 | D:9      | Killed a two-headed ogre
  7179 | D:9      | Reached skill level 5 in Conjurations
  7179 | D:9      | Reached skill level 5 in Hexes
  7179 | D:9      | Reached skill level 5 in Summonings
  7179 | D:9      | Reached skill level 5 in Necromancy
  7179 | D:9      | Reached skill level 5 in Translocations
  7179 | D:9      | Reached skill level 5 in Fire Magic
  7179 | D:9      | Reached skill level 5 in Ice Magic
  7179 | D:9      | Reached skill level 5 in Air Magic
  7179 | D:9      | Reached skill level 5 in Earth Magic
  7179 | D:9      | Reached skill level 5 in Alchemy
  7202 | D:8      | Reached XP level 11. HP: 29/89 MP: 20/20
  7907 | D:9      | Identified the +7 dagger of Theory {freeze, rPois rF++}
  7926 | D:9      | Noticed a centaur warrior
  7942 | D:9      | Killed a centaur warrior
  8416 | D:9      | Noticed Maggie
  8431 | D:9      | Killed Maggie
  8593 | D:9      | Found a shimmering altar of Xom.
  8596 | D:9      | Found an iron altar of Okawaru.
  8599 | D:9      | Found an ornate altar of the Wu Jian Council.
  8602 | D:9      | Found an ancient bone altar of Kikubaaqudgha.
  9087 | D:9      | Noticed a boulder beetle
  9096 | D:9      | Killed a boulder beetle
  9256 | D:3      | Bought a polished plate armour for 532 gold pieces
  9256 | D:3      | Identified the +1 plate armour of Soamiuq {rC+ Will+ Dex-3}
                  | (You bought it in a shop on level 3 of the Dungeon)
  9381 | D:10     | Entered Level 10 of the Dungeon
  9455 | D:10     | Noticed a cyclops
  9486 | D:10     | Killed a cyclops
  9736 | D:10     | Noticed a death knight
  9737 | D:10     | Noticed a two-headed ogre
  9744 | D:10     | Killed a two-headed ogre
  9814 | D:10     | Noticed a cyan ugly thing
  9826 | D:10     | HP: 5/135 [cyan ugly thing (12)]
  9826 | D:10     | Mangled by a cyan ugly thing

Illustrated notes

Levels and vault maps discovered:
D:1:      dpeg_arrival_boxorama, layout_rooms
D:2:      layout_basic, hellmonk_ecumenical_altar_slurped_away, serial_forest,
          infiniplex_forest_end_double, infiniplex_forest_straight_3,
          infiniplex_forest_zigzag_1, infiniplex_forest_join,
          infiniplex_forest_straight_1, infiniplex_forest_end_2,
          minmay_strange_pillars, minmay_hexomino_c4, uniq_crazy_yiuf_cottage,
          uniq_robin
D:3:      layout_basic, grunt_temple_overflow_open, serial_shops,
          nicolae_shop_crystal, biasface_ghost_orc_armoury, uniq_natasha
D:4:      layout_cave_pools, chequers_avenue
D:5:      layout_basic, dancing_weapons_uskayaw, minmay_temple_entry_offerings,
          gup_ossuary_entry_pyramid, gammafunk_ghost_mausoleum,
          hangedman_decor_diamond_cutter, minmay_misc_feat_rugged, uniq_sigmund
D:6:      layout_rooms, uniq_jeremiah
D:7:      layout_gridville, lemuel_doored_altar,
          serial_library_regret_index_small_wings,
          chequers_serial_rivers_small_3
D:8:      layout_rooms, serial_shops, shop, minivault_26
D:9:      minmay_the_grid_3x2 [minmay_the_grid_dragon_b, minmay_the_grid_mess,
          minmay_the_grid_spikes, minmay_the_grid_slots,
          minmay_the_grid_broken_lines, minmay_the_grid_prize_shrinking_boxes],
          layout_loops_corners, grunt_temple_overflow_cloverleaf,
          minmay_strange_pillars, uniq_maggie
D:10:     minmay_chambers_of_sixes, layout_irregular_city, orc_0_dummy,
          serial_demonic, serial_demonic_a, serial_demonic_d, serial_demonic_f,
          serial_demonic_e, uniq_urug

Skill      XL: |  1  2  3  4  5  6  7  8  9 10 11 |
---------------+----------------------------------+-----
Invocations    | 1 2 3 4 5 6 7 |  7.7
Short Blades   | 1 2 3 4 5 6 7 |  7.0
Long Blades    | 1 2 3 4 5 6 7 |  7.0
Axes           | 1 2 3 4 5 6 7 |  7.0
Maces & Flails | 1 2 3 4 5 6 7 |  7.0
Staves         | 1 2 3 4 5 6 7 |  7.0
Ranged Weapons | 1 2 3 4 5 6 7 |  7.0
Throwing       | 1 2 3 4 5 6 7 |  7.0
Stealth        | 1 2 3 4 5 6 7 |  7.0
Shields        | 1 2 3 4 5 6 7 |  7.0
Unarmed Combat | 1 2 3 4 5 6 7 |  7.0
Spellcasting   | 1 2 3 4 5 6 7 |  7.0
Evocations     | 1 2 3 4 5 6 7 |  7.0
Shapeshifting  | 1 2 3 4 5 6 |  6.3
Conjurations   | 1 2 3 4 5 |  5.8
Hexes          | 1 2 3 4 5 |  5.8
Summonings     | 1 2 3 4 5 |  5.8
Necromancy     | 1 2 3 4 5 |  5.8
Translocations | 1 2 3 4 5 |  5.8
Fire Magic     | 1 2 3 4 5 |  5.8
Ice Magic      | 1 2 3 4 5 |  5.8
Air Magic      | 1 2 3 4 5 |  5.8
Earth Magic    | 1 2 3 4 5 |  5.8
Alchemy        | 1 2 3 4 5 |  5.8
Armour         | 5 6 7 8 |  8.4
Dodging        | 5 6 7 8 |  8.4
Fighting       | 7 8 9 |  9.7
Polearms       | 7 8 9 |  9.7

Action                     |  1- 3 |  4- 6 |  7- 9 | 10-12 || total
---------------------------+-------+-------+-------+-------++-------
  Melee: Spear             |   137 |   160 |   211 |       ||   508
         Bite              |     6 |     9 |    23 |    38 ||    76
         Trident           |       |       |    40 |   321 ||   361
         Dagger            |       |       |       |     4 ||     4
  Throw: Dart              |       |       |       |    16 ||    16
         Throwing net      |       |       |       |     1 ||     1
 Invoke: Berserk           |     1 |     2 |     4 |     3 ||    10
         Trog's Hand       |       |     1 |     1 |     5 ||     7
         Brothers in Arms  |       |       |       |     1 ||     1
  Evoke: Wand              |       |       |       |     1 ||     1
    Use: Scroll            |       |       |    20 |     3 ||    23
   Stab: Sleeping          |       |     1 |     4 |     1 ||     6
         Distracted        |       |     1 |       |       ||     1
         Held in net/web   |       |       |       |     1 ||     1
 Armour: Chain mail        |    94 |    83 |       |       ||   177
         Ring mail         |       |     1 |   134 |     4 ||   139
         Plate armour      |       |       |       |   325 ||   325
  Dodge: Dodged            |    60 |    52 |   110 |   121 ||   343

Table legend: (Time is in decaauts)
 A = Elapsed time spent in this place.
 B = Non-inter-level travel time spent in this place.
 C = Inter-level travel time spent in this place.
 D = Time resting spent in this place.
 E = Time spent auto-exploring this place.
 F = Levels seen in this place.
 G = Mean time per level.
                   A        B        C        D        E       F      G
               +--------+--------+--------+--------+--------+-----+--------+
         Total |   9864 |   9271 |    593 |    367 |   6972 |  11 |  896.7 |
       Dungeon |   9555 |   8962 |    593 |    331 |   6866 |  10 |  955.5 |
       Ossuary |    309 |    309 |      0 |     36 |    106 |   1 |  309.0 |
               +--------+--------+--------+--------+--------+-----+--------+

Top non-repeatable levels by time:
     D:9: 1674 daAuts
     D:5: 1517 daAuts
     D:8: 1275 daAuts
     D:3: 1040 daAuts
     D:2: 923 daAuts
     D:7: 903 daAuts
     D:6: 715 daAuts
     D:4: 544 daAuts
     D:1: 505 daAuts
    D:10: 455 daAuts
 Ossuary: 309 daAuts
